APL (24 & UNDER)
NANTUCKET ORCAS @ EL PASO TEXANS
04/15/2027
 
TOP OF THE 1ST
Nantucket Orcas batting - Pitching for El Paso Texans : RHP George Floyd
Pitching: RHP George Floyd
Batting: RHB Jorge Hernández 0-0: Ball
1-0: Called Strike
1-1: SINGLE (Line Drive, 4MD)
Batting: RHB Ramón Díaz 0-0: Ball
1-0: Called Strike
1-1: Ball
Jorge Hernández is caught stealing 2nd base
2-1: Foul Ball, location: 2F
2-2: Strikes out swinging
Batting: SHB Cory Campbell 0-0: Ball
1-0: Foul Ball, location: 2F
1-1: Ball
2-1: Ball
3-1: Base on Balls
Batting: SHB Héctor Padilla 0-0: Called Strike
0-1: Fly out, F8 (Flyball, 8RM)
Top of the 1st over - 0 run(s), 1 hit(s), 0 error(s), 1 left on base; Nantucket 0 - El Paso 0
BOTTOM OF THE 1ST
El Paso Texans batting - Pitching for Nantucket Orcas : LHP Esteban Soto
Pitching: LHP Esteban Soto
Batting: SHB Rick Hinton 0-0: Ball
1-0: Swinging Strike
1-1: Ground out 4-3 (Groundball, 4)
Batting: RHB Wayne Carter 0-0: Foul Ball, location: 2F
0-1: SOLO HOME RUN (Line Drive, 7D), Distance : 419 ft
Batting: LHB Michael Melton 0-0: Ball
1-0: Foul Ball, location: 2F
1-1: Ball
2-1: Ball
3-1: Foul Ball, location: 2F
3-2: Base on Balls
Batting: LHB Bernardo Morales 0-0: Ball
1-0: Foul Ball, location: 2F
1-1: SINGLE (Groundball, 56D)
Michael Melton to second
Batting: LHB Enrique Cruz 0-0: Called Strike
0-1: Ball
1-1: Ball
2-1: Ball
3-1: Base on Balls
Michael Melton to third
Bernardo Morales to second
Batting: RHB Marvin Johnson 0-0: Ball
1-0: Called Strike
1-1: SINGLE (Groundball, 4MD)
Michael Melton scores
Bernardo Morales to third
Enrique Cruz to second
Runner from 3rd tries for Home, SAFE, throw made home
Batting: RHB José Murillo 0-0: Called Strike
0-1: Foul Ball, location: 2F
0-2: Ball
1-2: DOUBLE (Flyball, 78XD)
Enrique Cruz scores
Marvin Johnson to third
Batting: LHB Roberto Félix 0-0: Called Strike
0-1: DOUBLE (Groundball, 5L)
Marvin Johnson scores
José Murillo scores
Batting: RHB Andrew O'Dell 0-0: Called Strike
Roberto Félix steals 3rd base
0-1: DOUBLE (Line Drive, 9LM)
Roberto Félix scores
Pitching: RHP Bo Wagner
Batting: SHB Rick Hinton 0-0: Called Strike
0-1: Ball
1-1: SINGLE (Groundball, 34D)
Andrew O'Dell to third
Batting: RHB Wayne Carter 0-0: Ball
1-0: Called Strike
1-1: Called Strike
1-2: Fly out, F9 (Line Drive, 9LM)
Runner from 3rd tags up, SCORES, no throw
Batting: LHB Michael Melton 0-0: Ball
1-0: Called Strike
1-1: Ball
2-1: Swinging Strike
2-2: Foul Ball, location: 2F
2-2: Foul Ball, location: 2F
2-2: Ball
3-2: Base on Balls
Rick Hinton to second
Batting: LHB Bernardo Morales 0-0: Called Strike
0-1: Ball
1-1: Fly out, F8 (Flyball, 8LD)
Bottom of the 1st over - 8 run(s), 7 hit(s), 0 error(s), 2 left on base; Nantucket 0 - El Paso 8
TOP OF THE 2ND
Nantucket Orcas batting - Pitching for El Paso Texans : RHP George Floyd
Batting: LHB Noah Gillespie 0-0: Ball
1-0: Ball
2-0: Ball
3-0: Base on Balls
Batting: RHB César Osequedo 0-0: Fly out, F6 (Popup, 6)
Batting: RHB Anastasio Zartuche 0-0: Called Strike
0-1: Ball
1-1: Fly out, F8 (Flyball, 78S)
Batting: RHB Domingo Hernández 0-0: Ball
1-0: Swinging Strike
1-1: Ball
2-1: Called Strike
2-2: Foul Ball, location: 2F
2-2: Strikes out swinging
Top of the 2nd over - 0 run(s), 0 hit(s), 0 error(s), 1 left on base; Nantucket 0 - El Paso 8
BOTTOM OF THE 2ND
El Paso Texans batting - Pitching for Nantucket Orcas : RHP Bo Wagner
Batting: LHB Enrique Cruz 0-0: Ground out 4-3 (Groundball, 4)
Batting: RHB Marvin Johnson 0-0: Foul Ball, location: 2F
0-1: Ball
1-1: Foul Ball, location: 2F
1-2: Foul Ball, location: 2F
1-2: Foul Ball, location: 2F
1-2: Foul Ball, location: 2F
1-2: SINGLE (Groundball, 6MD)
Batting: RHB José Murillo 0-0: Ball
Balk!
Marvin Johnson to second
1-0: Fly out, F3 (Popup, 34S)
Batting: LHB Roberto Félix 0-0: Ball
1-0: Ball
2-0: Ball
3-0: Base on Balls
Batting: RHB Andrew O'Dell 0-0: Ball
1-0: Swinging Strike
1-1: Swinging Strike
1-2: Ball
2-2: Ball
3-2: Strikes out swinging
Bottom of the 2nd over - 0 run(s), 1 hit(s), 0 error(s), 2 left on base; Nantucket 0 - El Paso 8
TOP OF THE 3RD
Nantucket Orcas batting - Pitching for El Paso Texans : RHP George Floyd
Batting: LHB Carter Sweet 0-0: Ball
1-0: Ball
2-0: Foul Ball, location: 2F
2-1: Ball
3-1: Base on Balls
Batting: RHB Jorge Hernández 0-0: Fly out, F7 (Flyball, 78D)
Batting: RHB Ramón Díaz 0-0: Called Strike
0-1: Swinging Strike
0-2: Foul Ball, location: 2F
0-2: Strikes out swinging
Batting: SHB Cory Campbell 0-0: Called Strike
0-1: Fly out, F7 (Flyball, 7S)
Top of the 3rd over - 0 run(s), 0 hit(s), 0 error(s), 1 left on base; Nantucket 0 - El Paso 8
BOTTOM OF THE 3RD
El Paso Texans batting - Pitching for Nantucket Orcas : RHP Bo Wagner
Batting: SHB Rick Hinton 0-0: Called Strike
0-1: Ball
1-1: Called Strike
1-2: Strikes out swinging
Batting: RHB Wayne Carter 0-0: Ball
1-0: SINGLE (Groundball, 56D)
Batting: LHB Michael Melton 0-0: Ball
Wayne Carter steals 2nd base
1-0: Foul Ball, location: 2F
1-1: Fly out, F8 (Flyball, 8LD)
Runner from 2nd tags up, SAFE at 3rd, no throw
Batting: LHB Bernardo Morales 0-0: Called Strike
0-1: DOUBLE (Line Drive, 9LS)
Wayne Carter scores
Batting: LHB Enrique Cruz 0-0: Foul Ball, location: 2F
0-1: Foul Ball, location: 2F
0-2: Fly out, F6 (Popup, 5D)
Bottom of the 3rd over - 1 run(s), 2 hit(s), 0 error(s), 1 left on base; Nantucket 0 - El Paso 9
TOP OF THE 4TH
Nantucket Orcas batting - Pitching for El Paso Texans : RHP George Floyd
Batting: SHB Héctor Padilla 0-0: Called Strike
0-1: Ball
1-1: SOLO HOME RUN (Flyball, 89XD), Distance : 411 ft
Batting: LHB Noah Gillespie 0-0: Foul Ball, location: 2F
0-1: Ball
1-1: SOLO HOME RUN (Flyball, 9D), Distance : 403 ft
Batting: RHB César Osequedo 0-0: Foul Ball, location: 2F
0-1: Foul Ball, location: 2F
0-2: Foul Ball, location: 2F
0-2: Ball
1-2: Strikes out looking
Batting: RHB Anastasio Zartuche 0-0: Ball
1-0: Swinging Strike
1-1: Swinging Strike
1-2: Strikes out swinging
Batting: RHB Domingo Hernández 0-0: Ball
1-0: Ball
2-0: Ball
3-0: Base on Balls
Batting: LHB Carter Sweet 0-0: Foul Ball, location: 2F
0-1: Called Strike
0-2: Strikes out looking
Top of the 4th over - 2 run(s), 2 hit(s), 0 error(s), 1 left on base; Nantucket 2 - El Paso 9
BOTTOM OF THE 4TH
El Paso Texans batting - Pitching for Nantucket Orcas : RHP Bo Wagner
Batting: RHB Marvin Johnson 0-0: Ball
1-0: Ball
2-0: Called Strike
2-1: Fly out, F7 (Line Drive, 7S)
Batting: RHB José Murillo 0-0: Fly out, F9 (Flyball, 9LS)
Batting: LHB Roberto Félix 0-0: Called Strike
0-1: Called Strike
0-2: Ground out 6-3 (Groundball, 6)
Bottom of the 4th over - 0 run(s), 0 hit(s), 0 error(s), 0 left on base; Nantucket 2 - El Paso 9
TOP OF THE 5TH
Nantucket Orcas batting - Pitching for El Paso Texans : RHP George Floyd
Batting: RHB Jorge Hernández 0-0: Ball
1-0: Swinging Strike
1-1: Swinging Strike
1-2: Ball
2-2: SINGLE (Groundball, 34D)
Batting: RHB Ramón Díaz 0-0: Ball
1-0: Ball
2-0: Called Strike
2-1: Fly out, F9 (Flyball, 9LMF)
Batting: SHB Cory Campbell 0-0: Ball
Jorge Hernández steals 2nd base
1-0: Ball
2-0: Foul Ball, location: 2F
2-1: Called Strike
2-2: Ground out 4-3 (Groundball, 4)
Jorge Hernández to third
Batting: SHB Héctor Padilla 0-0: Ball
1-0: Called Strike
1-1: Ball
2-1: Called Strike
2-2: Strikes out looking
Top of the 5th over - 0 run(s), 1 hit(s), 0 error(s), 1 left on base; Nantucket 2 - El Paso 9
BOTTOM OF THE 5TH
El Paso Texans batting - Pitching for Nantucket Orcas : RHP Bo Wagner
Batting: RHB Andrew O'Dell 0-0: Ball
1-0: Called Strike
1-1: Ball
2-1: Foul Ball, location: 2F
2-2: Ball
3-2: SOLO HOME RUN (Flyball, 78XD), Distance : 409 ft
Batting: SHB Rick Hinton 0-0: Ball
1-0: Ground out 3-1 (Groundball, 34)
Batting: RHB Wayne Carter 0-0: Called Strike
0-1: Ball
1-1: Swinging Strike
1-2: SINGLE (Flyball, 7S)
Batting: LHB Michael Melton 0-0: Foul Ball, location: 2F
0-1: Ball
1-1: Grounds into double play, 4-6-3 (Groundball, 4)
Bottom of the 5th over - 1 run(s), 2 hit(s), 0 error(s), 0 left on base; Nantucket 2 - El Paso 10
TOP OF THE 6TH
Nantucket Orcas batting - Pitching for El Paso Texans : RHP George Floyd
Batting: LHB Noah Gillespie 0-0: Ball
1-0: Called Strike
1-1: Swinging Strike
1-2: Ball
2-2: Foul Ball, location: 2F
2-2: Strikes out swinging
Pitching: RHP Mike Marks
Batting: RHB César Osequedo 0-0: Called Strike
0-1: Foul Ball, location: 2F
0-2: Ball
1-2: Ball
2-2: Ball
3-2: Base on Balls
Batting: RHB Anastasio Zartuche 0-0: Ball
1-0: Foul Ball, location: 2F
1-1: Swinging Strike
1-2: Ground out 5-3 (Groundball, 56)
César Osequedo to second
Batting: RHB Domingo Hernández 0-0: Ball
1-0: Called Strike
1-1: Fly out, F8 (Flyball, 8LD)
Top of the 6th over - 0 run(s), 0 hit(s), 0 error(s), 1 left on base; Nantucket 2 - El Paso 10
BOTTOM OF THE 6TH
El Paso Texans batting - Pitching for Nantucket Orcas : RHP Bo Wagner
Batting: LHB Bernardo Morales 0-0: Ball
1-0: Ball
2-0: Ball
3-0: Called Strike
3-1: Called Strike
3-2: Base on Balls
Batting: LHB Enrique Cruz 0-0: Called Strike
0-1: Swinging Strike
0-2: Ball
1-2: Strikes out swinging
Pitching: RHP Juan Moreno
Batting: RHB Marvin Johnson 0-0: Foul Ball, location: 2F
0-1: Swinging Strike
0-2: Strikes out looking
Batting: RHB José Murillo 0-0: Foul Ball, location: 2F
0-1: Swinging Strike
0-2: Ball
1-2: Strikes out swinging
Bottom of the 6th over - 0 run(s), 0 hit(s), 0 error(s), 1 left on base; Nantucket 2 - El Paso 10
TOP OF THE 7TH
Nantucket Orcas batting - Pitching for El Paso Texans : RHP Mike Marks
Batting: LHB Carter Sweet 0-0: SINGLE (Groundball, 34D)
Batting: RHB Jorge Hernández 0-0: Fly out, F7 (Line Drive, 78M)
Batting: RHB Ramón Díaz 0-0: Called Strike
0-1: Ball
1-1: Swinging Strike
1-2: Strikes out swinging
Batting: SHB Cory Campbell 0-0: Ball
1-0: Swinging Strike
1-1: Foul Ball, location: 2F
1-2: Foul Ball, location: 2F
1-2: Strikes out swinging
Top of the 7th over - 0 run(s), 1 hit(s), 0 error(s), 1 left on base; Nantucket 2 - El Paso 10
BOTTOM OF THE 7TH
El Paso Texans batting - Pitching for Nantucket Orcas : RHP Juan Moreno
Batting: LHB Roberto Félix 0-0: Called Strike
0-1: Fly out, F8 (Line Drive, 8LM)
Batting: RHB Andrew O'Dell 0-0: Ball
1-0: Ball
2-0: Foul Ball, location: 2F
2-1: Swinging Strike
2-2: Ball
3-2: Foul Ball, location: 2F
3-2: Strikes out swinging
Batting: SHB Rick Hinton 0-0: Ball
1-0: Fly out, F4 (Popup, 4MD)
Bottom of the 7th over - 0 run(s), 0 hit(s), 0 error(s), 0 left on base; Nantucket 2 - El Paso 10
TOP OF THE 8TH
Nantucket Orcas batting - Pitching for El Paso Texans : RHP Mike Marks
Now at SS: Domingo Morales
Batting: SHB Héctor Padilla 0-0: Foul Ball, location: 2F
0-1: Called Strike
0-2: Strikes out swinging
Batting: LHB Noah Gillespie 0-0: Ball
1-0: Ball
2-0: Called Strike
2-1: Ball
3-1: Foul Ball, location: 2F
3-2: Foul Ball, location: 2F
3-2: Ground out U3 (Groundball, 34)
Batting: RHB César Osequedo 0-0: Ball
1-0: DOUBLE (Line Drive, 7LM)
Batting: RHB Anastasio Zartuche 0-0: Called Strike
0-1: Called Strike
0-2: Strikes out looking
Top of the 8th over - 0 run(s), 1 hit(s), 0 error(s), 1 left on base; Nantucket 2 - El Paso 10
BOTTOM OF THE 8TH
El Paso Texans batting - Pitching for Nantucket Orcas : RHP Juan Moreno
Batting: RHB Wayne Carter 0-0: Ball
1-0: Swinging Strike
1-1: Foul Ball, location: 2F
1-2: Ball
2-2: Ball
3-2: Foul Ball, location: 2F
3-2: Base on Balls
Batting: LHB Michael Melton 0-0: Fly out, F7 (Flyball, 7LDF)
Runner from 1st tags up, SAFE at 2nd
Batting: LHB Bernardo Morales 0-0: Called Strike
0-1: Ball
1-1: Swinging Strike
1-2: Ball
2-2: Strikes out swinging
Batting: LHB Enrique Cruz 0-0: Swinging Strike
0-1: Ball
1-1: Ball
2-1: Reached on error, E9 (Flyball, 9)
Wayne Carter scores
Batting: RHB Marvin Johnson 0-0: Called Strike
0-1: Foul Ball, location: 2F
0-2: Ball
1-2: Ball
2-2: Strikes out swinging
Bottom of the 8th over - 1 run(s), 0 hit(s), 1 error(s), 1 left on base; Nantucket 2 - El Paso 11
TOP OF THE 9TH
Nantucket Orcas batting - Pitching for El Paso Texans : RHP Mike Marks
Pitching: RHP Firmino Orsi
Batting: RHB Domingo Hernández 0-0: Fly out, F5 (Popup, 56)
Batting: LHB Carter Sweet 0-0: Ball
1-0: Reached on error, E4 (Popup, 34D)
Batting: RHB Jorge Hernández 0-0: Swinging Strike
0-1: Foul Ball, location: 2F
0-2: Ball
1-2: Fly out, F8 (Flyball, 8RM)
Batting: RHB Ramón Díaz 0-0: Ball
1-0: DOUBLE (Line Drive, 78M)
Carter Sweet to third
Runner from 3rd tries for Home, throw and OUT!
Top of the 9th over - 0 run(s), 1 hit(s), 1 error(s), 1 left on base; Nantucket 2 - El Paso 11
Thursday, March 30th, 2017 - OOTP Baseball 17.12 Build 75